 Dungeon Crawl Stone Soup version 0.19-a0-583-g665d810 (webtiles) character file.

109400 TheGoonsmith the Scorcher (level 16, 0/92 HPs)
             Began as a Deep Elf Fire Elementalist on June 9, 2016.
             Was a High Priest of Vehumet.
             Killed from afar by Aizul (21 damage)
             ... with a poison arrow
             ... on level 1 of the Spider Nest.
             The game lasted 01:15:34 (35561 turns).

TheGoonsmith the Scorcher (DEFE)                   Turns: 35561, Time: 01:15:34

Health: 0/92       AC: 12    Str:  5    XL:     16   Next: 4%
Magic:  4/36       EV: 29    Int: 24    God:    Vehumet [*****.]
Gold:   1308       SH: 12    Dex: 19    Spells: 8 memorised, 15 levels left

rFire  + + .     SeeInvis .     m - +0 trident of Midnight {flame, rPois} (curse)
rCold  . . .     Gourm    .     p - +2 robe {rC+}
rNeg   . . .     Faith    .     g - +3 buckler
rPois  +         Spirit   .     (no helmet)
rElec  +         Dismiss  .     L - +2 cloak
rCorr  .         Reflect  +     y - +1 pair of gloves "Payczip" {+Inv rF+}
SustAt .         Harm     .     I - +2 pair of boots {Fly}
MR     +....                    c - +3 amulet of reflection
Stlth  ++........               S - ring "Zuprific" {Fire rElec}
                                E - +6 ring of evasion

@: lethally poisoned (0 -> -12), delayed fireball, somewhat resistant to hostile
enchantments, unstealthy
A: no striking features
a: Renounce Religion, Release Delayed Fireball, Evoke Invisibility, Evoke Flight


You were on level 1 of the Spider Nest.
You worshipped Vehumet.
Vehumet was extremely pleased with you.
You were not hungry.

You visited 5 branches of the dungeon, and saw 26 of its levels.
You also visited: Labyrinth.

You collected 2413 gold pieces.
You spent 1105 gold pieces at shops.

Inventory:

Hand Weapons
 a - the +1 war axe of Watutuj {speed, +Blink rElec rF+ MR+}
   (You found it on level 10 of the Dungeon)

   Attacks with this weapon are significantly faster.
   It protects you from fire.
   It insulates you from electricity.
   It affects your resistance to hostile enchantments.
   It lets you blink.
 m - the cursed +0 trident of Midnight (weapon) {flame, rPois}
   (You found it on level 5 of the Dungeon)

   It has been specially enchanted to burn those struck by it, causing extra
   injury to most foes and up to half again as much damage against particularly
   susceptible opponents.
   It protects you from poison.
   It has a curse placed upon it.
Armour
 g - a +3 buckler (worn)
 p - a +2 robe of cold resistance (worn)
 y - the +1 pair of gloves "Payczip" (worn) {+Inv rF+}
   (You acquired it on level 4 of the Lair of Beasts)

   It protects you from fire.
   It lets you turn invisible.
 I - a +2 pair of boots of flying (worn)
 L - a +2 cloak (worn)
Magical Staves
 b - an uncursed staff of conjuration
Jewellery
 c - a +3 amulet of reflection (around neck)
 E - a +6 ring of evasion (left hand)
 S - the ring "Zuprific" (right hand) {Fire rElec}
   (You found it in a labyrinth)

   [ring of fire]

   It enhances your fire magic, and weakens your ice magic.
   It protects you from fire.
   It makes you vulnerable to cold.
   It insulates you from electricity.
 Y - an uncursed ring of protection from fire
Wands
 h - a wand of digging (20/24)
 n - a wand of disintegration (14/24)
 q - a wand of acid (8/15)
 u - a wand of teleportation (5/9)
 J - a wand of iceblast (8/15)
 Q - a wand of lightning (8/15)
Scrolls
 d - 3 scrolls of teleportation
 e - 5 scrolls of remove curse
 k - a scroll of magic mapping
 o - 6 scrolls of blinking
 r - 2 scrolls of identify
 z - a scroll of fog
 D - 2 scrolls of fear
 F - 5 scrolls of recharging
 N - 2 scrolls of amnesia
 P - a scroll of enchant armour
Potions
 i - 4 potions of agility
 j - a potion of resistance
 l - 7 potions of curing
 s - 4 potions of flight
 t - 6 potions of brilliance
 v - 3 potions of cure mutation {unknown}
 w - 9 potions of heal wounds
 H - 3 potions of invisibility {unknown}
 U - 4 potions of haste
Comestibles
 f - 7 meat rations
 x - 3 fruits
 M - 8 slices of pizza


   Skills:
 + Level 7.2 Fighting
 - Level 12.4 Dodging
 - Level 2.4 Stealth
 - Level 6.0 Shields
 - Level 14.8 Spellcasting
 - Level 16.2 Conjurations
 - Level 2.1 Translocations
 - Level 16.5 Fire Magic
 - Level 3.5 Earth Magic


You had 15 spell levels left.
You knew the following spells:

 Your Spells              Type           Power        Failure   Level  Hunger
a - Flame Tongue          Conj/Fire      #####        0%          1    None
b - Blink                 Tloc           N/A          1%          2    None
c - Conjure Flame         Conj/Fire      #######.     0%          3    None
d - Bolt of Fire          Conj/Fire      #######...   1%          6    ####...
e - Delayed Fireball      Conj/Fire      N/A          1%          7    ######.
f - Fireball              Conj/Fire      #######...   1%          5    ##.....
g - Iron Shot             Conj/Erth      ######....   2%          6    ####...
s - Sticky Flame          Conj/Fire      #######.     1%          4    None


Dungeon Overview and Level Annotations

Branches:
Dungeon (15/15)            Temple (1/1) D:5            Lair (7/8) D:8
 Shoals (0/4) Lair:5       Spider (1/4) Lair:4          Orc (2/2) D:11
    Elf (0/3) Orc:2        Vaults (0/5) D:13         Depths (0/5) D:15
  Slime: Lair:6-8

Altars:
Ashenzari
Cheibriados
Dithmenos
Elyvilon
Fedhas
Gozag
Hepliaklqana
Kikubaaqudgha
Makhleb
Nemelex Xobeh
Okawaru
Pakellas
Qazlal
Ru
Sif Muna
Trog
Uskayaw
Vehumet
Xom
Yredelemnul
Zin
The Shining One

Shops:
D:10 (   D:12 *   Orc:1 %   Orc:2 }%![

Annotations:
D:3 TheGoonsmith's ghost, amateur DEFE
Spider:1 Aizul


Message History

The demonic crawler hits you but does no damage.
You block the demonic crawler's attack. Aizul hits you!
You feel sick.
Aizul coils herself and waves her upper body at you.
The bolt of poison hits you! You resist. The demonic crawler barely misses you.
The demonic crawler misses you.
The demonic crawler completely misses you.
You feel sick. Aizul casts a spell at you.
You fall asleep.
The sentinel's mark upon you fades away.
The demonic crawler completely misses you.
The demonic crawler hits you!
You wake up.
* * * LOW HITPOINT WARNING * * *
You block the demonic crawler's attack. Aizul casts a spell at you.
The poison arrow hits you!
You are more poisoned.
You partially resist.
You die...

.............................
.)...........................
.............................
.......^...............).......
...............................
...............................
...............................
...^...?.......................
.............S@....(.......[..>
.............s............####.
....^.......................^##
......................†........
..............................^
...............................
........................>......
...).........................(.
.........(.....................


You could see Aizul and a demonic crawler.

Vanquished Creatures
  Rupert (D:13)
  Frances (D:12)
  Donald (D:13)
  A stone giant (Orc:2)
  Nessos (D:13)
  3 ettins
  A minotaur (Lab)
  Snorg (D:11)
  Josephine (D:11)
  3 rakshasas
  8 hydras
  6 centaur warriors
  Erolcha (D:13)
  2 ogre magi (Orc:2)
  13 death yaks
  Urug (D:11)
  4 skeletal warriors (D:11)
  2 deep trolls (Orc:2)
  A flayed ghost (D:9)
  8 hill giants
  3 unseen horrors
  An orb spider (Spider:1)
  An orc sorcerer (Orc:2)
  2 wolf spiders (Spider:1)
  A griffon (D:14)
  An oklob plant (Lair:2)
  A mana viper (shapeshifter) (D:15)
  An orc knight (D:12)
  4 manticores
  12 ugly things
  7 cyclopes
  7 elephants
  3 black mambas
  A torpor snail (Lair:5)
  Psyche (D:10)
  13 spiny frogs
  An efreet (D:15)
  4 komodo dragons
  2 demonic crawlers (Spider:1)
  2 tengu conjurers (D:14)
  A rime drake (shapeshifter) (D:15)
  2 jumping spiders (Spider:1)
  3 meliai (D:12)
  2 polar bears
  16 trolls
  8 two-headed ogres
  A two-headed ogre (shapeshifter) (D:15)
  Prince Ribbit (D:5)
  Grinder (D:4)
  21 blink frogs
  3 slime creatures (D:15)
  A redback (Spider:1)
  A vampire (D:15)
  A shadow (D:13)
  11 wraiths
  2 water elementals (D:15)
  34 yaks
  3 tarantellas
  3 basilisks
  Eustachio (D:6)
  16 humans (D:13)
  3 hungry ghosts
  2 vampire mosquitoes (D:13)
  Grum (D:10)
  A mottled dragon (D:11)
  9 hippogriffs
  5 wargs
  3 soldier ants
  A soldier ant (shapeshifter) (D:14)
  11 water moccasins
  7 porcupines
  11 orc warriors
  3 ice beasts
  7 sky beasts
  3 phantoms
  A wasp (D:14)
  7 boggarts (D:15)
  27 wolves
  33 ogres
  10 centaurs
  5 crocodiles
  5 big kobolds
  19 giant frogs
  2 wyvern skeletons
  3 scorpions
  14 killer bees
  23 wights
  An electric eel (Lair:1)
  7 howler monkeys
  8 crimson imps
  2 centaur zombies
  2 giant frog zombies
  3 hounds
  A quasit (D:8)
  2 giant frog skeletons
  11 jellies
  12 orc priests
  21 orc wizards
  6 centaur skeletons
  A gnoll shaman (D:3)
  8 iguanas
  15 worker ants
  13 sheep
  A hound zombie (D:5)
  2 hound skeletons
  3 worker ant zombies
  3 gnolls (D:7)
  A howler monkey skeleton (D:10)
  15 adders
  38 river rats
  4 shadow imps
  A white imp (D:9)
  A worker ant simulacrum (D:9)
  An ufetubus (D:9)
  An ooze (D:2)
  An adder zombie (D:5)
  3 worms
  3 dart slugs
  8 giant geckos
  53 orcs
  16 bats
  3 giant cockroaches
  5 goblins
  6 hobgoblins
  12 jackals
  6 quokkas
  3 ball pythons
  A ball python skeleton (D:4)
  A ball python zombie (D:5)
  A giant gecko zombie (D:8)
  3 giant newts
  A jackal skeleton (D:4)
  21 kobolds
  2 quokka skeletons
  2 quokka zombies
  6 rats
  4 bushes (Lair:2)
  A plant (D:9)
822 creatures vanquished.

Vanquished Creatures (others)
  A boggart (D:15)
  6 fungi
  A plant (D:8)
8 creatures vanquished.

Grand Total: 830 creatures vanquished

Notes
Turn   | Place    | Note
--------------------------------------------------------------
     0 | D:1      | TheGoonsmith the Deep Elf Fire Elementalist began the quest for the Orb.
     0 | D:1      | Reached XP level 1. HP: 10/10 MP: 6/6
     9 | D:1      | You fall through a shaft!
    99 | D:2      | Reached XP level 2. HP: 15/15 MP: 4/8
   526 | D:1      | Reached XP level 3. HP: 18/19 MP: 2/10
  1324 | D:2      | Reached XP level 4. HP: 24/24 MP: 10/12
  1350 | D:2      | Learned a level 3 spell: Conjure Flame
  1355 | D:2      | Learned a level 4 spell: Sticky Flame
  1468 | D:3      | Found a basalt altar of Yredelemnul.
  2075 | D:3      | Found an opulent altar of Gozag.
  2078 | D:3      | Found a sacrificial altar of Ru.
  2090 | D:3      | Found a stormy altar of Qazlal.
  2093 | D:3      | Found a hazy altar of Hepliaklqana.
  2141 | D:3      | Found a white marble altar of Elyvilon.
  2190 | D:3      | Found a snail-covered altar of Cheibriados.
  2227 | D:3      | Reached XP level 5. HP: 28/28 MP: 11/14
  2358 | D:4      | Noticed a phantom
  2416 | D:4      | Killed a phantom
  2416 | D:4      | Reached skill level 5 in Spellcasting
  2471 | D:3      | Noticed TheGoonsmith's ghost (amateur DEFE)
  2519 | D:5      | Entered Level 5 of the Dungeon
  2559 | D:5      | Reached XP level 6. HP: 23/32 MP: 7/15
  2566 | D:5      | Reached skill level 5 in Fire Magic
  2848 | D:5      | Noticed Prince Ribbit
  2861 | D:5      | Killed Prince Ribbit
  2861 | D:5      | Reached skill level 5 in Conjurations
  2861 | D:5      | Reached XP level 7. HP: 36/36 MP: 7/17
  3680 | D:5      | Found a staircase to the Ecumenical Temple.
  3692 | Temple   | Entered the Ecumenical Temple
  3778 | Temple   | Became a worshipper of Vehumet
  3867 | D:4      | Noticed Grinder
  3873 | D:4      | Killed Grinder
  3873 | D:4      | Reached XP level 8. HP: 35/41 MP: 9/19
  3961 | D:4      | Learned a level 5 spell: Fireball
  5040 | D:5      | Found a radiant altar of Vehumet.
  5288 | D:5      | Reached * piety under Vehumet
  5288 | D:5      | Offered knowledge of Shock by Vehumet.
  5918 | D:6      | Reached XP level 9. HP: 43/45 MP: 14/22
  6735 | D:6      | Noticed Eustachio
  6747 | D:6      | Killed Eustachio
  7088 | D:7      | Offered knowledge of Sting by Vehumet.
  7106 | D:7      | Reached ** piety under Vehumet
  7134 | D:6      | Reached skill level 10 in Fire Magic
  7788 | D:7      | Found a white marble altar of Elyvilon.
  7923 | D:7      | Reached XP level 10. HP: 41/50 MP: 18/25
  8101 | D:7      | Reached skill level 10 in Conjurations
  8721 | D:7      | Reached skill level 10 in Spellcasting
  8907 | D:7      | Found a sparkling altar of Nemelex Xobeh.
  9134 | D:8      | Offered knowledge of Ignite Poison by Vehumet.
  9430 | D:8      | Found a glowing golden altar of the Shining One.
  9496 | D:8      | Reached skill level 5 in Dodging
  9523 | D:8      | Reached *** piety under Vehumet
  9653 | D:8      | Found a staircase to the Lair.
 10134 | D:8      | Found a blossoming altar of Fedhas.
 10373 | D:8      | Offered knowledge of Mephitic Cloud by Vehumet.
 10822 | D:9      | Found a runed door.
 10904 | D:9      | Found a burning altar of Makhleb.
 10917 | D:9      | Found an iron altar of Okawaru.
 10927 | D:9      | Found an iron altar of Okawaru.
 10934 | D:9      | Found a shimmering altar of Xom.
 11250 | D:9      | Found a shimmering altar of Xom.
 11271 | D:9      | Found a deep blue altar of Sif Muna.
 11334 | D:9      | Reached skill level 10 in Dodging
 11482 | D:9      | Reached XP level 11. HP: 54/54 MP: 16/27
 11767 | D:9      | Reached **** piety under Vehumet
 11981 | D:9      | Noticed a two-headed hydra
 12248 | D:9      | Offered knowledge of Bolt of Magma by Vehumet.
 12377 | D:9      | Killed a two-headed hydra
 12829 | D:9      | Noticed a flayed ghost
 12832 | D:9      | Killed a flayed ghost
 12838 | D:9      | Got a slimy golden ring
 13000 | Lair:1   | Entered Level 1 of the Lair of Beasts
 13019 | Lair:1   | Found a labyrinth entrance.
 13027 | Lab      | Entered a labyrinth
 13345 | Lab      | Noticed a minotaur
 13351 | Lab      | Killed a minotaur
 13362 | Lab      | Identified Ysalot's Collected Works on the Voyage and Contamination
 13365 | Lab      | Got a faintly glowing bronze ring
 13809 | Lair:1   | Identified the ring of the Firefly {Dex+3 Stlth+} (You found it on level 9 of the Dungeon)
 13811 | Lair:1   | Identified the ring "Zuprific" {Fire rElec} (You found it in a labyrinth)
 14348 | Lair:1   | Reached skill level 5 in Fighting
 14808 | Lair:1   | Learned a level 2 spell: Blink
 14971 | Lair:2   | Reached XP level 12. HP: 51/69 MP: 4/28
 17138 | Lair:3   | Reached ***** piety under Vehumet
 17142 | Lair:3   | Offered knowledge of Venom Bolt by Vehumet.
 17450 | D:5      | Got a brightly glowing trident
 17451 | D:5      | Identified the cursed +0 trident of Midnight {flame, rPois} (You found it on level 5 of the Dungeon)
 18292 | Lair:4   | Noticed an eight-headed hydra
 18296 | Lair:4   | Killed an eight-headed hydra
 18391 | Lair:4   | Noticed a four-headed hydra
 18398 | Lair:4   | Killed a four-headed hydra
 18559 | Lair:4   | Identified a scroll of acquirement
 18560 | Lair:4   | Got a pair of bloodstained gloves
 18566 | Lair:4   | Identified the +1 pair of gloves "Payczip" {+Inv rF+} (You acquired it on level 4 of the Lair of Beasts)
 18611 | Lair:4   | Found a hole to the Spider Nest.
 18954 | Lair:4   | Got a serpentine silver ring
 19082 | Lair:4   | Learned a level 6 spell: Bolt of Fire
 19090 | Lair:4   | Learned a level 7 spell: Delayed Fireball
 19645 | Lair:4   | Got an ebony hunting sling
 19646 | Lair:4   | Identified the cursed +1 hunting sling "Egutsyph" {freeze, Int+7} (You found it on level 4 of the Lair of Beasts)
 19772 | Lair:5   | Reached skill level 1 in Translocations
 19774 | Lair:5   | Noticed a six-headed hydra
 19776 | Lair:5   | Killed a six-headed hydra
 19776 | Lair:5   | Reached XP level 13. HP: 74/74 MP: 3/30
 20120 | Lair:5   | Found a staircase to the Shoals.
 20190 | Lair:5   | Offered knowledge of Lee's Rapid Deconstruction by Vehumet.
 20554 | Lair:5   | Found a runed door.
 20950 | Lair:5   | Identified the ring "Wutanich" {+Inv MR+ Slay+3} (You found it on level 4 of the Lair of Beasts)
 22017 | Lair:6   | Offered knowledge of Irradiate by Vehumet.
 23050 | D:10     | Entered Level 10 of the Dungeon
 23059 | D:10     | Found Guguxzof's Weapon Shoppe.
 23161 | D:10     | Got a faintly glowing war axe
 23162 | D:10     | Identified the cursed +1 war axe of Watutuj {speed, +Blink rElec rF+ MR+} (You found it on level 10 of the Dungeon)
 23271 | D:10     | Noticed Psyche
 23271 | D:10     | Killed Psyche
 23363 | D:10     | Reached XP level 14. HP: 79/79 MP: 25/33
 23367 | D:10     | Noticed Grum
 23371 | D:10     | Killed Grum
 24562 | D:11     | Noticed Urug
 24565 | D:11     | Killed Urug
 24914 | D:11     | Found a staircase to the Orcish Mines.
 24988 | D:11     | Noticed Josephine
 24990 | D:11     | Killed Josephine
 25090 | D:11     | Found a glowing golden altar of the Shining One.
 25090 | D:11     | Noticed Snorg
 25092 | D:11     | Killed Snorg
 25248 | D:11     | You fall through a shaft for 3 floors!
 25466 | D:13     | Noticed Erolcha
 25469 | D:13     | Killed Erolcha
 25591 | D:13     | Offered knowledge of Poison Arrow by Vehumet.
 25736 | D:13     | Noticed Donald
 25738 | D:13     | Killed Donald
 25738 | D:13     | Reached skill level 15 in Fire Magic
 25749 | D:13     | Noticed Rupert
 25917 | D:13     | Killed Rupert
 25917 | D:13     | Reached skill level 15 in Conjurations
 26117 | D:13     | Noticed Nessos
 26146 | D:13     | Killed Nessos
 27042 | D:13     | Found a gate to the Vaults.
 27884 | D:12     | Noticed Frances
 27887 | D:12     | Killed Frances
 28078 | D:12     | Found Vuusuoty's Assorted Antiques.
 28083 | D:12     | Bought a white potion for 14 gold pieces
 28083 | D:12     | Bought a bubbling grey potion for 14 gold pieces
 28083 | D:12     | Bought a scroll of identify for 32 gold pieces
 28083 | D:12     | Bought a potion of curing for 48 gold pieces
 28083 | D:12     | Bought a murky black potion for 14 gold pieces
 28083 | D:12     | Bought a scroll of identify for 32 gold pieces
 28251 | D:12     | Found a large runed door.
 28258 | D:12     | Reached XP level 15. HP: 84/84 MP: 17/35
 28358 | D:12     | Found a large runed door.
 28449 | D:12     | Found a shimmering altar of Xom.
 28452 | D:12     | Found a hazy altar of Hepliaklqana.
 28714 | D:12     | Offered knowledge of Conjure Ball Lightning by Vehumet.
 28998 | Orc:1    | Entered Level 1 of the Orcish Mines
 29237 | Orc:1    | Found Racaitto's Food Emporium.
 29520 | Orc:2    | Entered Level 2 of the Orcish Mines
 29526 | Orc:2    | Found a staircase to the Elven Halls.
 30221 | Orc:2    | Offered knowledge of Iron Shot by Vehumet.
 30254 | Orc:2    | Learned a level 6 spell: Iron Shot
 30281 | Orc:2    | Reached skill level 1 in Earth Magic
 30283 | Orc:2    | Found Vanlafeith's Gadget Shoppe.
 30284 | Orc:2    | Found Wiet's Food Shop.
 30337 | Orc:2    | Found Riacut's Distillery.
 30395 | Orc:2    | Found Lomusch's Antique Armour Shoppe.
 30653 | Orc:2    | Bought a potion of heal wounds for 50 gold pieces
 30653 | Orc:2    | Bought a potion of haste for 100 gold pieces
 30653 | Orc:2    | Bought a potion of curing for 30 gold pieces
 30653 | Orc:2    | Bought a potion of resistance for 100 gold pieces
 30653 | Orc:2    | Bought 2 potions of heal wounds for 100 gold pieces
 30653 | Orc:2    | Bought a potion of curing for 30 gold pieces
 30653 | Orc:2    | Bought a potion of haste for 100 gold pieces
 30653 | Orc:2    | Bought a potion of agility for 40 gold pieces
 30653 | Orc:2    | Bought a potion of berserk rage for 50 gold pieces
 30663 | Orc:2    | Bought a wand of teleportation (5/9) for 351 gold pieces
 31255 | D:14     | Reached skill level 1 in Shields
 32595 | D:15     | Entered Level 15 of the Dungeon
 32708 | D:15     | Reached skill level 5 in Shields
 34331 | D:15     | Found a staircase to the Depths.
 34772 | Lair:1   | Offered knowledge of Ozocubu's Refrigeration by Vehumet.
 35215 | Spider:1 | Entered Level 1 of the Spider Nest
 35301 | Spider:1 | Reached XP level 16. HP: 90/90 MP: 24/36
 35308 | Spider:1 | Paralysed by a Zot trap for 2 turns
 35541 | Spider:1 | Noticed Aizul
 35561 | Spider:1 | Killed from afar by Aizul

Vault maps used:
D:1:      sevenhm_arrival_forest_fort_large_2
D:2:      lemuel_upstairs_altar
D:3:      kennysheep_ying_yang, cheibriados_altar_1,
          grunt_temple_overflow_cloverleaf, first_bread,
          minmay_misc_feat_diagonals, hex_large
D:4:      uniq_grinder
D:5:      kennysheep_windowed_halls, minmay_temple_entry_grid,
          serial_bayou_pond_c, vehumet_altar_wand_db, uniq_prince_ribbit1
D:6:      lemuel_ice_spiral_2, minivault_27, kennysheep_generic_room_2,
          uniq_eustachio
D:7:      lemuel_crystal_altar, elyvilon_altar_4
D:8:      kennysheep_mini_moat, overflow_temple_1_default, david_lair_shrubbed
D:9:      due_megacathedral, serial_ice, serial_ice_n, serial_ice_k,
          serial_ice_b, serial_ice_c, hangedman_ranch
D:10:     serial_shops, shop, uniq_psyche, uniq_grum
D:11:     minmay_orc_entry_guard_dogs, tso_altar, uniq_snorg, uniq_josephine,
          uniq_urug
D:12:     serial_shops, shop, minmay_statues_item, jmf_multi_god_temple2,
          uniq_frances
D:13:     david_vaults_3, uniq_erolcha, uniq_nessos
D:14:     patterned_corridor
D:15:     gammafunk_enter_depths_forms, serial_column_ruins,
          column_ruins_square_large, column_ruins_hut_pillars,
          column_ruins_open_small, column_ruins_grid_1, column_ruins_open_tiny,
          column_ruins_grid_1, column_ruins_open_small, nicolae_lava_and_water,
          minmay_misc_feat_five
Temple:   water_room_temple_b_12
Lair:1:   lab_entry_generic, grunt_megastairs_4, infiniplex_staircase_pool
Lair:2:   minmay_lair_oklob_bushes
Lair:4:   spider_nest_entry_rubble, serial_bayou_shore_a
Lair:5:   elwin_shoals_entry_rooms, pf_torpor_hydra
Lair:7:   nicolae_volcano_entry_two_sided, minivault_27
Spider:1: hive_lemuel, uniq_aizul
Orc:1:    serial_shops, shop
Orc:2:    st_orc_open
Lab:      nicolae_lab_dead_adventurers, nicolae_lab_grate, labyrinth_glass_1

Skill      XL: |  1  2  3  4  5  6  7  8  9 10 11 12 13 14 15 16 |
---------------+-------------------------------------------------+-----
Conjurations   | 2 3 4 5 6 8 9 10 12 14 15 16 | 16.2
Spellcasting   | 4 5 6 7 9 10 11 13 14 | 14.8
Fire Magic     | 4 5 7 8 10 12 14 15 16 | 16.5
Dodging        | 10 12 | 12.4
Fighting       | 5 6 7 |  7.2
Translocations | 2 |  2.1
Earth Magic    | 3 |  3.5
Shields        | 6 |  6.0
Stealth        | |  2.4

Action                   |  1- 3 |  4- 6 |  7- 9 | 10-12 | 13-15 | 16-18 || total
-------------------------+-------+-------+-------+-------+-------+-------++-------
Melee: Dagger            |    14 |     6 |    73 |    17 |       |       ||   110
       Quarterstaff      |       |       |       |    22 |       |       ||    22
       Staff             |       |       |       |       |    63 |       ||    63
       War axe           |       |       |       |       |    63 |       ||    63
       Trident           |       |       |       |       |     1 |     6 ||     7
 Cast: Flame Tongue      |    63 |    81 |   302 |   585 |   373 |     5 ||  1409
       Sticky Flame      |       |     2 |    12 |    81 |    71 |     8 ||   174
       Conjure Flame     |       |     1 |     2 |     1 |     1 |       ||     5
       Fireball          |       |       |     9 |    80 |   132 |     5 ||   226
       Delayed Fireball  |       |       |       |     1 |       |       ||     1
       Bolt of Fire      |       |       |       |       |   156 |     5 ||   161
       Iron Shot         |       |       |       |       |     8 |       ||     8
       Blink             |       |       |       |       |       |     1 ||     1
 Abil: Stop Flying       |       |       |       |       |     1 |       ||     1
Evoke: Wand              |       |       |       |     4 |       |       ||     4
  Use: Scroll            |       |     9 |     7 |    12 |    17 |       ||    45
       Potion            |       |       |     1 |     1 |     2 |     1 ||     5
  Eat: Chunk             |     1 |       |    19 |    14 |    54 |       ||    88
       Bread ration      |       |     1 |       |     2 |     4 |       ||     7
       Meat ration       |       |       |       |     4 |     5 |       ||     9
       Fruit             |       |       |       |    10 |     2 |       ||    12
       Royal jelly       |       |       |       |     1 |     1 |       ||     2
       Beef jerky        |       |       |       |       |     2 |       ||     2
Armor: Robe              |    14 |    10 |    57 |    69 |    61 |     7 ||   218
Dodge: Dodged            |    27 |    17 |   114 |   384 |   352 |    65 ||   959
Block: Other             |       |       |       |       |     6 |       ||     6
       Buckler           |       |       |       |       |     2 |    47 ||    49
